 Dungeon Crawl Stone Soup version 0.29-a0-393-g47a863cc1b (webtiles) character file.

Game seed: 5681008328404745859

9142 Gargoyl the Cleaver (level 11, -9/71 HPs)
             Began as a Gargoyle Berserker on May 9, 2022.
             Was an Elder of Trog.
             Mangled by a 13-headed hydra (10 damage)
             ... on level 11 of the Dungeon.
             The game lasted 00:15:45 (10118 turns).

Gargoyl the Cleaver (Gargoyle Berserker)           Turns: 10118, Time: 00:15:46

Health: -9/71      AC: 28    Str: 23    XL:     11   Next: 41%
Magic:  0/11       EV: 10    Int:  8    God:    Trog [****..]
Gold:   232        SH:  9    Dex: 19    Spells: 10/10 levels left

rFire   . . .      SeeInvis +   y - +7 war axe (elec)
rCold   . . .      Faith    .   n - +3 buckler
rNeg    + + .      Spirit   +   p - +0 chain mail
rPois   ∞          Reflect  .   N - +2 hat {Will+}
rElec   +          Harm     +   O - +2 cloak "Xaraehaq" {Harm Fly rN+}
rCorr   .          Rampage  .   (no gloves)
Will    +++..                   (no boots)
Stlth   ..........              g - amulet of guardian spirit
HPRegen 1.21/turn               i - +4 ring of protection
MPRegen 0.12/turn               s - +6 ring of dexterity

@: strong-willed, flying, regenerating
A: sickness immunity, AC +8, negative energy resistance 1, electricity
resistance, torment resistance 1, petrification resistance, see invisible,
mutation resistance 1, strong 1
a: Renounce Religion, Berserk, Trog's Hand, Brothers in Arms


You were on level 11 of the Dungeon.
You worshipped Trog.
Trog was greatly pleased with you.
You visited 1 branch of the dungeon, and saw 11 of its levels.

You collected 583 gold pieces.
You spent 351 gold pieces at shops.

Inventory:

Hand Weapons
 a - a +1 hand axe
 y - a +7 war axe of electrocution (weapon)
 C - a +1 war axe of flaming
Missiles
 m - 4 curare-tipped darts (quivered)
 w - 26 poisoned darts
 A - a throwing net
Armour
 n - a +3 buckler (worn)
 p - a +0 chain mail (worn)
 N - a +2 hat of willpower (worn)
 O - the +2 cloak "Xaraehaq" (worn) {Harm Fly rN+}
   (You found it on level 9 of the Dungeon)

   rN:        It protects you from negative energy.
   Fly:       It grants you flight.
   Harm:      It increases damage dealt and taken.
Jewellery
 g - an amulet of guardian spirit (around neck)
 i - a +4 ring of protection (left hand)
 j - a ring of positive energy
 s - a +6 ring of dexterity (right hand)
 z - a +4 ring of evasion
 D - a ring of protection from cold
Wands
 l - a wand of polymorph (8)
 B - a wand of flame (18)
 E - a wand of digging (3)
 H - a wand of acid (9)
 I - a wand of iceblast (10)
 L - a wand of paralysis (11)
Scrolls
 c - a scroll of amnesia {unknown}
 f - 3 scrolls of magic mapping
 t - 10 scrolls of teleportation
 u - 2 scrolls of poison
 F - a scroll of identify
 G - a scroll of immolation {unknown}
 K - a scroll of blinking
 M - a scroll of summoning {unknown}
 P - a scroll of brand weapon {unknown}
Potions
 b - a potion of resistance
 d - 4 potions of lignification
 e - a potion of ambrosia
 h - 4 potions of cancellation
 k - a potion of berserk rage
 o - a potion of flight
 q - 2 potions of mutation
 r - 6 potions of curing
 v - 3 potions of invisibility
 x - 4 potions of heal wounds
 J - a potion of magic


   Skills:
 + Level 9.0 Fighting
 + Level 11.1 Axes
 + Level 0.5 Throwing
 + Level 7.7 Armour
 + Level 4.2 Dodging
 + Level 2.7 Stealth
 + Level 6.5 Shields


You had 10 spell levels left.
You didn't know any spells.
Your spell library was empty.

Dungeon Overview and Level Annotations

Branches:
Dungeon (11/15)            Temple (0/1) D:4            Lair (0/6) D:10
    Orc: D:9-12

Altars:
Xom
Zin

Shops:
D:3 *(((*   D:5 *   D:9 *   D:10 (


Innate Abilities, Weirdness & Mutations

You are immune to sickness and miasma.
Your stone body is resilient. (AC +8)
You are immune to poison.
You resist negative energy. (rN+)
You are resistant to electric shocks. (rElec)
You are resistant to unholy torment.
You are immune to petrification.
You have supernaturally acute eyesight. (SInv)
You are somewhat resistant to further mutation.
Your muscles are strong. (Str +2)


Message History

The 11-headed hydra bites you but does no damage.
The 11-headed hydra barely misses you. You block the 11-headed hydra's attack.
The 11-headed hydra bites you but does no damage. x2
The 11-headed hydra bites you.
The 11-headed hydra bites you but does no damage.
You completely miss the 11-headed hydra.
The 11-headed hydra is moderately wounded.
The 11-headed hydra bites you. The 11-headed hydra barely misses you.
You block the 11-headed hydra's attack. The 11-headed hydra bites you!
You block the 11-headed hydra's attack.
The 11-headed hydra bites you but does no damage.
The 11-headed hydra bites you. x2
The 11-headed hydra bites you but does no damage.
The 11-headed hydra barely misses you. x2
You lop one of the 11-headed hydra's heads off!
The ten-headed hydra grows two more!
You slice the 12-headed hydra!!
The 12-headed hydra is heavily wounded.
The 12-headed hydra closely misses you.
You block the 12-headed hydra's attack. x3
The 12-headed hydra bites you but does no damage. x2
The 12-headed hydra bites you! The 12-headed hydra closely misses you.
The 12-headed hydra bites you!
* * * LOW HITPOINT WARNING * * *
The 12-headed hydra bites you but does no damage. x3
You slice one of the 12-headed hydra's heads off!
The 11-headed hydra grows two more!
You hit the 13-headed hydra.
The 13-headed hydra is moderately wounded.
The 13-headed hydra bites you!
* * * LOW HITPOINT WARNING * * *
You block the 13-headed hydra's attack.
The 13-headed hydra bites you but does no damage.
The 13-headed hydra barely misses you. x2
The 13-headed hydra bites you but does no damage.
You block the 13-headed hydra's attack. The 13-headed hydra bites you.
* * * LOW HITPOINT WARNING * * *
The 13-headed hydra barely misses you.
The 13-headed hydra bites you but does no damage.
The 13-headed hydra completely misses you.
The 13-headed hydra bites you but does no damage.
The 13-headed hydra bites you!
You die...

.# #.......... ##
###'####### #..# ##.#
###'######
######........# .
#....+.<......#### ...
#.####........'..##.....
..# #........##@D.....(
.## #........#####.....
## #........# /...
#........# .. #........#
###'###### ##...# ##
#..### .# #.##


You could see a 13-headed hydra.

Vanquished Creatures
  Gastronok (D:9)
  An ugly thing (D:10)
  A cyclops (D:11)
  Joseph (D:7)
  An unseen horror (D:10)
  4 trolls
  Prince Ribbit (D:6)
  Sigmund (D:6)
  A shadow (D:10)
  2 wyverns
  6 yaks (D:10)
  A steam dragon (D:8)
  Menkaure (D:6)
  2 acid dragons
  2 water moccasins
  2 sky beasts
  3 black bears
  2 orc warriors
  6 centaurs
  A phantom (D:6)
  3 kobold brigands
  2 necrophages (D:4)
  A gnoll sergeant (D:8)
  3 scorpions
  3 bullfrogs
  3 wights (D:6)
  6 killer bees (D:10)
  9 howler monkeys
  2 gnoll shamans
  2 hounds
  4 orc priests
  6 iguanas
  7 orc wizards
  10 gnolls
  5 adders
  3 ufetubi
  2 worms (D:2)
  A dart slug (D:2)
  34 orcs
  13 endoplasms
  4 giant cockroaches
  8 goblins
  7 hobgoblins
  9 jackals
  21 kobolds
  2 quokkas
  11 ball pythons
  4 bats
  2 frilled lizards (D:1)
  13 rats
240 creatures vanquished.

Notes
Turn   | Place    | Note
-------+----------+-------------------------------------------
     0 | D:1      | Gargoyl the Gargoyle Berserker began the quest for the Orb.
     0 | D:1      | Reached XP level 1. HP: 14/14 MP: 1/1
   542 | D:1      | Reached XP level 2. HP: 10/19 MP: 2/2
   769 | D:1      | Reached skill level 3 in Axes
  1538 | D:2      | Reached XP level 3. HP: 23/24 MP: 3/3
  1758 | D:2      | Reached ** piety under Trog
  2121 | D:2      | Reached XP level 4. HP: 22/29 MP: 4/4
  2796 | D:3      | Gained mutation: Your mind is acute. (Int +2) [potion of
                  | mutation]
  2796 | D:3      | Gained mutation: You are frail. (-10% HP) [potion of
                  | mutation]
  2797 | D:3      | Lost mutation: Your mind is acute. (Int +2) [potion of
                  | mutation]
  2797 | D:3      | Lost mutation: You are frail. (-10% HP) [potion of
                  | mutation]
  2797 | D:3      | Gained mutation: Your muscles are strong. (Str +2) [potion
                  | of mutation]
  2797 | D:3      | Gained mutation: You have supernaturally acute eyesight.
                  | (SInv) [potion of mutation]
  2797 | D:3      | Gained mutation: You are somewhat resistant to further
                  | mutation. [potion of mutation]
  2797 | D:3      | Found Guol's Assorted Antiques.
  2868 | D:3      | Found Besmeur's Antique Weapon Shop.
  2891 | D:3      | Noticed a scorpion
  2908 | D:3      | Killed a scorpion
  2909 | D:3      | Reached XP level 5. HP: 15/33 MP: 5/5
  3295 | D:3      | Found Nurarane's Weapon Shop.
  3298 | D:3      | Noticed a black bear
  3313 | D:3      | Killed a black bear
  3314 | D:3      | Reached skill level 4 in Axes
  3314 | D:3      | Reached skill level 1 in Shields
  3314 | D:3      | Reached XP level 6. HP: 38/38 MP: 6/6
  3349 | D:3      | Found Oriblal's Weapon Emporium.
  3378 | D:3      | Found Rysip's General Store.
  3430 | D:3      | Reached *** piety under Trog
  3584 | D:3      | Noticed a great orb of eyes
  3590 | D:3      | Noticed a golden eye
  3595 | D:3      | Found a faded altar of an unknown god.
  3597 | D:3      | Noticed an eye of devastation
  3606 | D:3      | Noticed a floating eye
  3781 | D:4      | Noticed an orc warrior
  3802 | D:3      | Killed an orc warrior
  3865 | D:4      | Reached XP level 7. HP: 19/44 MP: 2/7
  3867 | D:4      | Reached skill level 5 in Axes
  4094 | D:4      | Found a staircase to the Ecumenical Temple.
  4462 | D:4      | Reached skill level 5 in Fighting
  4465 | D:4      | Reached XP level 8. HP: 49/49 MP: 6/8
  4550 | D:4      | Reached skill level 6 in Axes
  5100 | D:5      | Entered Level 5 of the Dungeon
  5184 | D:5      | Reached skill level 5 in Armour
  5279 | D:5      | Reached **** piety under Trog
  5304 | D:5      | Found Jih Cuuj's Lightly-Used Armoury.
  5422 | D:3      | Bought 2 scrolls of enchant weapon for 165 gold pieces
  5594 | D:5      | Found a glowing silver altar of Zin.
  5823 | D:6      | Noticed Prince Ribbit
  5830 | D:6      | Killed Prince Ribbit
  5831 | D:6      | Reached skill level 7 in Axes
  5831 | D:6      | Reached XP level 9. HP: 55/55 MP: 9/9
  6057 | D:6      | Noticed Sigmund
  6065 | D:6      | Killed Sigmund
  6066 | D:6      | Reached skill level 1 in Stealth
  6250 | D:6      | Noticed Menkaure
  6257 | D:6      | Killed Menkaure
  6527 | D:7      | Noticed Joseph
  6535 | D:7      | Killed Joseph
  6536 | D:7      | Reached skill level 8 in Axes
  7104 | D:7      | Reached XP level 10. HP: 43/63 MP: 6/10
  7453 | D:8      | Reached skill level 9 in Axes
  7972 | D:9      | Reached ***** piety under Trog
  8006 | D:9      | Found a shimmering altar of Xom.
  8006 | D:9      | Found a shimmering altar of Xom.
  8006 | D:9      | Found a shimmering altar of Xom.
  8007 | D:9      | Found a shimmering altar of Xom.
  8007 | D:9      | Found a shimmering altar of Xom.
  8007 | D:9      | Found a shimmering altar of Xom.
  8008 | D:9      | Found a shimmering altar of Xom.
  8008 | D:9      | Found a shimmering altar of Xom.
  8008 | D:9      | Found a shimmering altar of Xom.
  8016 | D:9      | Reached skill level 5 in Shields
  8020 | D:9      | Found a shimmering altar of Xom.
  8023 | D:9      | Noticed Gastronok
  8042 | D:9      | Killed Gastronok
  8043 | D:9      | Reached skill level 10 in Axes
  8121 | D:9      | Noticed a harpy
  8121 | D:9      | a hog changed into a harpy
  8182 | D:9      | Identified the +2 cloak "Xaraehaq" {Harm Fly rN+}
  8366 | D:9      | Found Ojoson's Overcharged Wands.
  8420 | D:9      | Noticed an elephant
  8424 | D:9      | an elephant changed into a snapping turtle
  8477 | D:10     | Entered Level 10 of the Dungeon
  8692 | D:10     | Reached XP level 11. HP: 67/69 MP: 8/11
  8726 | D:10     | Found Poug Feimyff's Weapon Emporium.
  8733 | D:10     | Bought a +1 war axe of flaming for 186 gold pieces
  8825 | D:10     | Found a staircase to the Lair.
  9274 | D:10     | Noticed a green ugly thing
  9283 | D:10     | Killed a green ugly thing
  9778 | D:11     | Noticed a cyclops
  9792 | D:11     | Killed a cyclops
  9793 | D:11     | Reached skill level 11 in Axes
 10105 | D:11     | Noticed an eight-headed hydra
 10118 | D:11     | HP: 1/71 [13-headed hydra (4)]
 10118 | D:11     | Mangled by a 13-headed hydra

Illustrated notes

Levels and vault maps discovered:
D:1:      beargit_arrival_diablo_church, layout_loops_corners,
          minmay_misc_feat_x
D:2:      layout_loops_cross, minmay_joined_circles
D:3:      layout_rooms, serial_shops, nicolae_shop_competitors_out_of_business,
          nicolae_diamond_shop, shop_fountains, shop,
          nicolae_shop_competitors_out_of_business,
          hellmonk_ecumenical_altar_watching_god
D:4:      layout_gridville, minmay_temple_entry_ruins
D:5:      cheibrodos_quashed, layout_basic, hex_medium, kennysheep_diamond,
          minmay_shop_damaged
D:6:      layout_cave_pools, uniq_prince_ribbit1, uniq_menkaure, uniq_sigmund
D:7:      layout_loops_cross, minmay_manual_mail, uniq_joseph
D:8:      layout_rooms
D:9:      layout_rooms, xom_shifter_show, nicolae_shop_overcharged_wands,
          uniq_gastronok
D:10:     layout_stronghold, dpeg_oklobed_lair, serial_shops, shop,
          kennysheep_generic_room_15
D:11:     layout_roguey, orc_0_dummy

Skill      XL: |  1  2  3  4  5  6  7  8  9 10 11 |
---------------+----------------------------------+-----
Axes           | 3 4 5 7 8 10 11 | 11.1
Dodging        | 2 3 4 |  4.2
Fighting       | 4 5 6 7 8 9 |  9.0
Armour         | 3 4 5 6 7 |  7.7
Shields        | 1 2 3 4 5 6 |  6.5
Stealth        | 1 2 |  2.7
Throwing       | |  0.5

Action                   |  1- 3 |  4- 6 |  7- 9 | 10-12 || total
-------------------------+-------+-------+-------+-------++-------
Melee: Hand axe          |   150 |   161 |   100 |       ||   411
       Punch             |     2 |       |       |       ||     2
       War axe           |       |       |   156 |   184 ||   340
Throw: Dart              |       |       |     2 |     1 ||     3
Invok: Berserk           |       |     2 |     6 |     3 ||    11
       Trog's Hand       |       |       |     1 |     3 ||     4
       Brothers in Arms  |       |       |       |     1 ||     1
  Use: Scroll            |     1 |     7 |    11 |     9 ||    28
       Potion            |       |     3 |       |       ||     3
Armor: Ring mail         |    76 |    80 |       |       ||   156
       Chain mail        |       |    62 |   162 |   158 ||   382
Dodge: Dodged            |   100 |   118 |    96 |   109 ||   423
Block: Buckler           |       |    56 |    98 |   104 ||   258

Table legend: (Time is in decaauts)
 A = Elapsed time spent in this place.
 B = Non-inter-level travel time spent in this place.
 C = Inter-level travel time spent in this place.
 D = Time resting spent in this place.
 E = Time spent auto-exploring this place.
 F = Levels seen in this place.
 G = Mean time per level.
                   A        B        C        D        E       F      G
               +--------+--------+--------+--------+--------+-----+--------+
         Total |  10304 |   9949 |    355 |    395 |   7400 |  11 |  936.7 |
       Dungeon |  10304 |   9949 |    355 |    395 |   7400 |  11 |  936.7 |
               +--------+--------+--------+--------+--------+-----+--------+

Top non-repeatable levels by time:
     D:2: 1543 daAuts
     D:1: 1500 daAuts
     D:4: 1390 daAuts
    D:10: 1237 daAuts
     D:7: 999 daAuts
     D:3: 876 daAuts
     D:6: 650 daAuts
     D:5: 641 daAuts
     D:8: 535 daAuts
     D:9: 519 daAuts
    D:11: 412 daAuts
